 Dungeon Crawl Stone Soup version 0.25-a0-280-gfa4545f159 (webtiles) character file.

Game seed: 2938236060435538927, levelgen mode: deterministic

4365 wozzle the Chopper (level 10, -1/79 HPs)
             Began as a Black Draconian Venom Mage on Dec 10, 2019.
             Was an Initiate of Okawaru.
             Slain by a two-headed ogre
             ... wielding a +0 giant club
              (12 damage)
             ... on level 8 of the Dungeon.
             The game lasted 00:29:49 (9668 turns).

wozzle the Chopper (Black Draconian Venom Mage)     Turns: 9668, Time: 00:29:49

Health: -1/79      AC: 11    Str: 12    XL:     10   Next: 13%
Magic:  7/19       EV: 14    Int: 15    God:    Okawaru [......]
Gold:   464        SH:  0    Dex: 14    Spells: 9/22 levels left

rFire    . . .     SeeInvis .   s - +0 war axe
rCold    . . .     Gourm    .   (no shield)
rNeg     . . .     Faith    .   (armour unavailable)
rPois    +         Spirit   .   (helmet restricted)
rElec    +         Reflect  .   a - +1 cloak {rPois}
rCorr    .         Harm     .   p - +1 pair of gloves
MR       .....                  (no boots)
Stlth    ++........             (no amulet)
HPRegen  0.23/turn              (no ring)
MPRegen  0.16/turn              (no ring)

@: no status effects
A: breathe lightning, unfitting armour, electricity resistance, cold-blooded, AC
+7
a: Breathe Lightning, Renounce Religion


You were on level 8 of the Dungeon.
You worshipped Okawaru.
Okawaru was noncommittal.
You were hungry.

You visited 2 branches of the dungeon, and saw 9 of its levels.
You also visited: Sewer.

You collected 464 gold pieces.

Inventory:

Hand Weapons
 i - a +0 club
 j - a +0 short sword
 s - a +0 war axe (weapon)
 u - a +0 trident
Missiles
 t - 4 boomerangs
 I - a throwing net
 L - 7 javelins
 O - 11 poisoned darts (quivered)
Armour
 a - a +1 cloak of poison resistance (worn)
 g - a +0 pair of gloves
 p - a +1 pair of gloves (worn)
Wands
 y - a wand of enslavement (6)
 D - a wand of disintegration (1)
 E - a wand of random effects (12)
 G - a wand of polymorph (10)
 J - a wand of flame (15)
 M - a wand of acid (10)
Scrolls
 c - 7 scrolls of teleportation {unknown}
 d - a scroll of enchant weapon {unknown}
 f - a scroll of amnesia {unknown}
 h - a scroll of immolation {unknown}
 l - 4 scrolls of remove curse {unknown}
 n - 7 scrolls of identify {unknown}
 q - 3 scrolls of magic mapping {unknown}
 w - a scroll of random uselessness {unknown}
 A - 2 scrolls of fear {unknown}
 B - a scroll of fog {unknown}
 H - a scroll of noise {unknown}
 K - a scroll of silence {unknown}
Potions
 e - 3 potions of magic {unknown}
 k - 3 potions of heal wounds {unknown}
 m - 2 potions of curing {unknown}
 o - a potion of berserk rage {unknown}
 r - 3 potions of flight {unknown}
 v - 2 potions of lignification {unknown}
 x - 2 potions of might {unknown}
 z - a potion of haste {unknown}
 C - 2 potions of brilliance {unknown}
 F - 2 potions of cancellation {unknown}
 N - a potion of degeneration {unknown}
 Q - a potion of mutation {unknown}
Comestibles
 b - 11 rations


   Skills:
 + Level 4.2 Fighting
 + Level 0.5 Short Blades
 + Level 7.4 Axes
 + Level 0.7 Throwing
 + Level 4.7 Dodging
 - Level 1.7 Stealth
 + Level 6.6 Spellcasting
 + Level 0.3 Conjurations
 + Level 2.3 Transmutations
 + Level 0.1 Fire Magic
 - Level 5.1 Air Magic
 + Level 7.3 Poison Magic
 + Level 0.6 Evocations


You had 9 spell levels left.
You knew the following spells:

 Your Spells              Type           Power        Failure   Level  Hunger
a - Sting                 Tmut/Pois      ###.         1%          1    None
b - Poisonous Vapours     Pois/Air       ###...       1%          2    #......
c - Olgreb's Toxic Radia  Pois           ####....     7%          4    ####...
d - Mephitic Cloud        Conj/Pois/Air  ###.....     7%          3    ##.....
e - Ignite Poison         Fire/Tmut/Pois ##......     11%         3    ##.....

Your spell library contained the following spells:

 Spells                   Type           Power        Failure   Level  Hunger


Dungeon Overview and Level Annotations

Branches:
Dungeon (8/15)             Temple (1/1) D:5           Sewer (visited)
   Lair: D:8-11

Altars:
Ashenzari
Dithmenos
Fedhas
Gozag
Hepliaklqana
Makhleb
Nemelex Xobeh
Okawaru
Qazlal
Ru
Sif Muna
Trog
Uskayaw
Vehumet
Wu Jian
Xom
Yredelemnul

Annotations:
D:3 exclusion: downstairs
D:4 exclusion: downstairs


Innate Abilities, Weirdness & Mutations

You can breathe wild blasts of lightning.
Your glossy black scales are hard. (AC +7)
You cannot fit into any form of body armour.
You are resistant to electric shocks. (rElec)
You are cold-blooded and may be slowed by cold attacks.


Message History

The two-headed ogre hits you with a +0 giant club!!
* * * LOW HITPOINT WARNING * * *
Things that are here:
a +0 dagger; a +0 robe
Casting: Poisonous Vapours (safe; 1% risk of failure)
Confirm with . or Enter, or press ? or * to list all spells.
Aiming: Poisonous Vapours (safe; 1% risk of failure)
Press: ? - help, Dir - move target cursor, f/p - two-headed ogre
Aim: a two-headed ogre, wielding two +0 giant clubs (severely wounded, very poisoned) Poisonous vapours surround the two-headed ogre!
You are feeling hungry.
The two-headed ogre is engulfed in poison gas.
The two-headed ogre looks as sick as possible!
Things that are here:
a cursed -3 war axe; a +0 leather armour You see here 13 gold pieces.
The two-headed ogre hits you with a +0 giant club!
* * * LOW HITPOINT WARNING * * *
The two-headed ogre hits you with a +0 giant club!
You die...

##...........
#...........# .≈≈#.
###._..._..._.# .≈≈###
.............# .≈≈.8#
.............# .≈≈.##.
#. #..........# .≈≈.#..
#.###._......[###.≈≈.##
#.........$).).@..≈≈.8#
#.#####.###.####O.≈≈###
##.#####.#
#)###...≈≈#.g.
........####$##....≈≈#
##.#.#### +........≈≈##
#>..# ####...#....≈≈≈≈≈
#.#.###.###..##.%.≈≈≈≈≈≈
#.#.....# #..####.......
....###..# #..# ##...##


You could see a two-headed ogre and a gnoll shaman.

Vanquished Creatures
  A komodo dragon (D:8)
  Grinder (D:6)
  2 hippogriffs (D:7)
  Sigmund (D:4)
  A spriggan (D:7)
  Eustachio (D:4)
  2 ice beasts
  2 sky beasts (D:7)
  4 ogres
  2 phantoms
  3 centaurs
  2 necrophages (D:7)
  A gnoll sergeant (D:6)
  Blork the orc (D:6)
  5 bullfrogs
  2 scorpions
  3 howler monkeys (D:7)
  A crimson imp (D:8)
  2 bullfrog zombies
  5 hounds
  3 jellies
  3 orc priests
  Crazy Yiuf (D:6)
  3 orc wizards
  2 centaur skeletons
  An iguana (D:5)
  6 worker ants
  2 hound zombies (D:5)
  A hound skeleton (D:7)
  6 gnolls
  16 adders
  A river rat (D:5)
  A shadow imp (D:6)
  2 adder skeletons (D:5)
  An adder zombie (D:7)
  7 worms
  2 dart slugs
  9 leopard geckos
  16 orcs
  6 giant cockroaches
  4 hobgoblins
  12 jackals
  20 kobolds
  6 quokkas
  3 ball pythons (Sewer)
  2 bats
  10 frilled lizards
  5 goblins
  A quokka zombie (D:7)
  11 rats
  4 plants (Sewer)
209 creatures vanquished.

Notes
Turn   | Place    | Note
-------+----------+-------------------------------------------
     0 | D:1      | wozzle the Draconian Venom Mage began the quest for the
                  | Orb.
     0 | D:1      | Reached XP level 1. HP: 14/14 MP: 3/3
   280 | D:1      | Reached XP level 2. HP: 20/20 MP: 1/5
   358 | D:1      | Learned a level 2 spell: Poisonous Vapours
   711 | D:2      | Reached XP level 3. HP: 25/26 MP: 2/6
  1190 | D:2      | Reached XP level 4. HP: 33/33 MP: 7/7
  1404 | D:3      | Reached skill level 1 in Air Magic
  2071 | D:3      | Reached XP level 5. HP: 38/38 MP: 4/9
  2360 | D:4      | Noticed an ogre
  2502 | D:4      | Found an ornate altar of the Wu Jian Council.
  2699 | D:4      | Noticed Sigmund
  2720 | D:4      | Killed Sigmund
  2720 | D:4      | Reached skill level 1 in Axes
  2720 | D:4      | Reached XP level 6. HP: 40/46 MP: 3/10
  2982 | D:4      | Reached skill level 1 in Fighting
  3139 | D:4      | Noticed Eustachio
  3150 | D:4      | Killed Eustachio
  3150 | D:4      | Your scales start taking on a glossy black colour.
  3150 | D:4      | Reached XP level 7. HP: 39/52 MP: 0/12
  3150 | D:4      | Gained mutation: You are resistant to electric shocks.
                  | (rElec) [Black Draconian growth]
  3305 | D:4      | Learned a level 4 spell: Olgreb's Toxic Radiance
  3439 | D:5      | Entered Level 5 of the Dungeon
  3610 | D:5      | Found a glowing drain.
  3750 | Sewer    | Entered a sewer
  4658 | D:5      | Reached skill level 5 in Air Magic
  4872 | D:5      | Found a staircase to the Ecumenical Temple.
  4949 | D:5      | Reached XP level 8. HP: 53/61 MP: 4/14
  5190 | D:5      | Found an opulent altar of Gozag.
  5253 | D:5      | Reached skill level 5 in Poison Magic
  5473 | D:5      | Identified the +11 spear "Pusomaub" {venom, *Rage rElec rF-
                  | SInv}
  5783 | D:5      | Found a burning altar of Makhleb.
  6372 | D:6      | Noticed Grinder
  6378 | D:6      | Paralysed by Grinder for 7 turns
  6391 | D:6      | Killed Grinder
  6485 | D:6      | Reached skill level 5 in Spellcasting
  6703 | D:5      | Reached skill level 5 in Axes
  6962 | D:6      | Reached XP level 9. HP: 63/69 MP: 13/16
  7093 | D:6      | Noticed Blork the orc
  7098 | D:6      | Killed Blork the orc
  7325 | D:6      | Found a runed translucent door.
  7326 | D:6      | Noticed Crazy Yiuf
  7405 | D:6      | Killed Crazy Yiuf
  7658 | D:6      | Learned a level 3 spell: Mephitic Cloud
  7662 | D:6      | Learned a level 3 spell: Ignite Poison
  8514 | D:7      | Found a hide-covered altar of Uskayaw.
  8515 | D:7      | Found a bloodstained altar of Trog.
  8515 | D:7      | Found a stormy altar of Qazlal.
  9252 | D:8      | Noticed a komodo dragon
  9262 | D:7      | Reached XP level 10. HP: 70/78 MP: 9/19
  9295 | Temple   | Entered the Ecumenical Temple
  9357 | Temple   | Became a worshipper of Warmaster Okawaru
  9619 | D:8      | Found a shimmering altar of Xom.
  9619 | D:8      | Found a shimmering altar of Xom.
  9619 | D:8      | Found a shimmering altar of Xom.
  9619 | D:8      | Found a shimmering altar of Xom.
  9620 | D:8      | Found a shimmering altar of Xom.
  9641 | D:8      | Noticed a two-headed ogre
  9668 | D:8      | Slain by a two-headed ogre

Levels and vault maps discovered:
D:1:      scummos_arrival_hexagon, layout_rooms
D:2:      layout_rooms, minmay_misc_feat_rugged
D:3:      layout_basic
D:4:      layout_gridville, overflow_temple_1_default, first_ration,
          serial_bayou_ford_a, uniq_sigmund, uniq_eustachio
D:5:      layout_loops_ring, nicolae_overflow_crystal_walls,
          nicolae_gozag_seed_capital, minmay_temple_entry_ruins,
          lightli_sewer_entry_pipes
D:6:      layout_loops_cross, uniq_grinder, uniq_blork_the_orc,
          uniq_crazy_yiuf_cottage
D:7:      minmay_s_stair_smasher, layout_basic,
          chequers_temple_overflow_statue_of_worship, the_bakery
D:8:      layout_loops_ring, lemuel_crystal_altar,
          lemuel_mausoleum_altar_kikubaaqudgha, nicolae_xom_altar_mimics,
          nicolae_overflow_hidden_temple, kennysheep_mini, lemuel_crystal_altar,
          basic_altar, gammafunk_ghost_gnarly_gnolls
Temple:   cyrus_temple_forest

Skill      XL: |  1  2  3  4  5  6  7  8  9 |
---------------+----------------------------+-----
Dodging        | 2 3 4 |  4.7
Air Magic      | 1 2 4 5 |  5.1
Axes           | 1 3 5 7 |  7.4
Spellcasting   | 3 4 5 6 |  6.6
Transmutations | 2 |  2.3
Poison Magic   | 4 6 7 |  7.3
Fighting       | 1 2 3 4 |  4.2
Short Blades   | |  0.5
Throwing       | |  0.7
Stealth        | |  1.7
Conjurations   | |  0.3
Fire Magic     | |  0.1
Evocations     | |  0.6

Action                   |  1- 3 |  4- 6 |  7- 9 | 10-12 || total
-------------------------+-------+-------+-------+-------++-------
Melee: Unarmed           |    20 |       |       |       ||    20
       Tailslap          |     8 |     8 |    64 |     4 ||    84
       Short sword       |    68 |    33 |       |       ||   101
       Club              |     1 |       |       |       ||     1
       War axe           |       |    46 |   504 |    14 ||   564
Throw: Boomerang         |       |       |    10 |       ||    10
       Dart              |       |       |     1 |       ||     1
 Cast: Sting             |    28 |    16 |     1 |       ||    45
       Poisonous Vapours |     9 |    29 |    93 |    13 ||   144
       Mephitic Cloud    |       |       |     3 |       ||     3
       Ignite Poison     |       |       |     3 |       ||     3
       Olgreb's Toxic Ra |       |       |       |     2 ||     2
 Abil: Breathe Lightning |       |       |     5 |       ||     5
Evoke: Wand              |       |       |     9 |       ||     9
  Use: Potion            |       |       |     1 |       ||     1
 Stab: Sleeping          |       |     2 |     4 |       ||     6
       Confused          |       |       |     1 |       ||     1
  Eat: Chunk             |     2 |     8 |    15 |     1 ||    26
       Ration            |       |       |     3 |       ||     3
Armor: Skin              |    27 |    31 |   189 |     4 ||   251
Dodge: Dodged            |    97 |    63 |   334 |    17 ||   511

Table legend:
 A = Non-vault XP
 B = Vault XP
 C = Vault XP percentage of total XP
 D = Non-vault monster count
 E = Vault monster count
 F = Vault count percentage of total count
                 A         B        C        D         E       F
            +---------+---------+-------+---------+---------+-------
      Total |    4201 |    2036 |  32.6 |     155 |      50 |  24.4
            +---------+---------+-------+---------+---------+-------
        D:1 |      37 |       0 |   0.0 |      21 |       0 |   0.0
        D:2 |      66 |       0 |   0.0 |      22 |       0 |   0.0
        D:3 |     116 |       0 |   0.0 |      24 |       0 |   0.0
        D:4 |     264 |     423 |  61.6 |      12 |       2 |  14.3
        D:5 |     869 |      62 |   6.7 |      19 |      10 |  34.5
        D:6 |     902 |     401 |  30.8 |      24 |       3 |  11.1
        D:7 |    1405 |    1083 |  43.5 |      26 |      14 |  35.0
        D:8 |     542 |       0 |   0.0 |       7 |       0 |   0.0
      Sewer |       0 |      67 | 100.0 |       0 |      21 | 100.0
            +---------+---------+-------+---------+---------+-------
